 Dungeon Crawl Stone Soup version 0.23.0-3-gf3c87f2 (webtiles) character file.

Game seed: 16227233077763954333

193 Lavandula the Ruffian (level 5, -2/50 HPs)
             Began as a Troll Wanderer on Feb 24, 2019.
             Slain by Grinder (7 damage)
             ... on level 3 of the Dungeon.
             The game lasted 00:02:57 (1847 turns).

Lavandula the Ruffian (Troll Wanderer)              Turns: 1847, Time: 00:02:58

Health: -2/50      AC:  6    Str: 19    XL:     5   Next: 44%
Magic:  13/13      EV: 10    Int:  9    God:
Gold:   86         SH:  0    Dex: 10    Spells: 4/4 levels left

rFire    . . .     SeeInvis .     - Unarmed
rCold    . . .     Gourm    +   (no shield)
rNeg     . . .     Faith    .   f - +0 robe
rPois    .         Spirit   .   (helmet restricted)
rElec    .         Reflect  .   (no cloak)
rCorr    .         Harm     .   (gloves unavailable)
MR       .....                  (boots unavailable)
Stlth    ++........             (no amulet)
HPRegen  0.56/turn              q - ring of magical power
MPRegen  0.13/turn              (no ring)

@: no status effects
A: large, unfitting armour, claws 3, fast metabolism 3, gourmand, regeneration
1, shaggy fur 1, tough skin 3
a: no special abilities


You were on level 3 of the Dungeon.
You were very full.

You visited 1 branch of the dungeon, and saw 3 of its levels.

You collected 86 gold pieces.

Inventory:

Hand Weapons
 e - a +0 blowgun
Missiles
 d - 10 poisoned needles
Armour
 f - a +0 robe (worn)
Jewellery
 q - a ring of magical power (left claw)
Wands
 r - a wand of scattershot (3)
Scrolls
 b - a scroll of blinking
 c - a scroll of enchant weapon {unknown}
 j - a scroll of identify {unknown}
 k - a scroll of immolation {unknown}
 m - 2 scrolls of remove curse {unknown}
 t - 2 scrolls of amnesia {unknown}
Potions
 a - 5 potions of heal wounds
 g - 4 potions of might {unknown}
 i - a potion of curing {unknown}
 l - 2 potions of flight {unknown}
 n - a potion of berserk rage {unknown}
 o - a potion of agility {unknown}
 p - a potion of brilliance {unknown}
 s - a potion of invisibility {unknown}
Comestibles
 h - 9 rations


   Skills:
 - Level 2.4 Fighting
 - Level 1.0 Throwing
 - Level 1.5 Dodging
 - Level 1.5 Stealth
 + Level 5.4 Unarmed Combat


You had 4 spell levels left.
You didn't know any spells.
Your spell library was empty.

Dungeon Overview and Level Annotations

Branches:
Dungeon (3/15)

Altars:
Fedhas

Annotations:
D:3 Grinder


Innate Abilities, Weirdness & Mutations

You are too large for most types of armour.
You have claws for hands.
Your metabolism is lightning-fast.
You like to eat raw meat.
Your natural rate of healing is unusually fast.
You are covered in fur. (AC +1)
You have extremely tough skin. (AC +3)


Message History

You barely miss Grinder.
Grinder is moderately wounded.
Grinder hits you.
You writhe in agony.
* * * LOW HITPOINT WARNING * * *
You scratch Grinder.
Grinder is moderately wounded.
Grinder gestures at you. You resist with significant effort.
You scratch Grinder but do no damage.
Grinder is moderately wounded.
Grinder closely misses you.
You claw Grinder!
Grinder is heavily wounded.
Grinder gestures at you. Pain shoots through your body!
* * * LOW HITPOINT WARNING * * *
You closely miss Grinder.
Grinder is heavily wounded.
Grinder hits you!
You die...

.#...#...#..(#...#
#...#...#...#...#.##
.#...#...#...#...(##### .#
..#...#...#...#.......
#...#...#...#...#....#####
..#...#...#?..#.....##
...#...#...#.....###
#..#...#.....###
#..#@....### ###).5.###
######


You could see Grinder.

Vanquished Creatures
  Ijyb (D:3)
  An orc wizard (D:3)
  A worker ant (D:3)
  2 adders
  An ooze (D:2)
  A worm (D:3)
  4 dart slugs
  A leopard gecko (D:2)
  8 orcs (D:3)
  5 giant cockroaches
  7 goblins
  13 hobgoblins
  5 jackals (D:3)
  3 kobolds (D:1)
  A quokka (D:2)
  8 bats
  4 frilled lizards (D:3)
  6 rats
72 creatures vanquished.

Notes
Turn   | Place    | Note
-------+----------+-------------------------------------------
     0 | D:1      | Lavandula the Troll Wanderer began the quest for the Orb.
     0 | D:1      | Lavandula set off with the following items: a potion of
                  | heal wounds, a scroll of blinking, a +0 quarterstaff, 8
                  | poisoned needles, a +0 blowgun, a +0 robe, a +0 dagger, 2
                  | rations
     0 | D:1      | Reached XP level 1. HP: 22/22 MP: 0/0
    31 | D:1      | Reached skill level 2 in Unarmed Combat
    33 | D:1      | Reached XP level 2. HP: 28/29 MP: 1/1
   310 | D:1      | Reached skill level 3 in Unarmed Combat
   331 | D:1      | Reached XP level 3. HP: 36/36 MP: 2/2
  1081 | D:2      | Found a blossoming altar of Fedhas.
  1314 | D:3      | Reached skill level 4 in Unarmed Combat
  1314 | D:3      | Reached XP level 4. HP: 34/44 MP: 3/3
  1457 | D:3      | Noticed Ijyb
  1468 | D:3      | Killed Ijyb
  1552 | D:3      | Reached skill level 5 in Unarmed Combat
  1552 | D:3      | Reached XP level 5. HP: 45/50 MP: 4/4
  1806 | D:3      | Noticed Grinder
  1807 | D:3      | Paralysed by Grinder for 3 turns
  1847 | D:3      | Slain by Grinder

Skill      XL: |  1  2  3  4 |
---------------+-------------+-----
Unarmed Combat | 2 3 4 5 |  5.4
Fighting       | |  2.4
Throwing       | |  1.0
Dodging        | |  1.5
Stealth        | |  1.5

Action                   |  1- 3 |  4- 6 || total
-------------------------+-------+-------++-------
Melee: Unarmed           |   117 |   102 ||   219
       Punch             |     1 |     1 ||     2
 Stab: Sleeping          |     1 |     1 ||     2
       Distracted        |       |     2 ||     2
  Eat: Chunk             |    13 |     8 ||    21
Armor: Robe              |    49 |    32 ||    81
Dodge: Dodged            |    77 |    42 ||   119
